 Dungeon Crawl Stone Soup version 0.25-a0-435-g4b9beb1024 (webtiles) character file.

Game seed: 9037673533680641216, levelgen mode: deterministic

7173 Roikka the Grappler (level 10, -10/104 HPs)
             Began as a Troll Monk on Jan 28, 2020.
             Was a High Priest of Zin.
             Killed from afar by Fannar (34 damage)
             ... with a bolt of cold
             ... on level 10 of the Dungeon.
             The game lasted 00:22:15 (7991 turns).

Roikka the Grappler (Troll Monk)                    Turns: 7991, Time: 00:22:16

Health: -10/104    AC:  9    Str: 24    XL:     10   Next: 86%
Magic:  13/13      EV: 12    Int:  6    God:    Zin [*****.]
Gold:   519        SH:  0    Dex: 12    Spells: 9/9 levels left

rFire    . . .     SeeInvis .     - Unarmed
rCold    . . .     Gourm    +   (no shield)
rNeg     . . .     Faith    +   a - +1 robe
rPois    .         Spirit   .   (helmet restricted)
rElec    .         Reflect  .   o - +1 cloak
rCorr    .         Harm     .   (gloves unavailable)
MR       .....                  (boots unavailable)
Stlth    ++........             k - amulet of faith
HPRegen  0.67/turn              (no ring)
MPRegen  0.13/turn              (no ring)

@: no status effects
A: large, unfitting armour, claws 3, fast metabolism 3, gourmand, regeneration
1, shaggy fur 1, tough skin 3
a: Recite, Vitalisation, Imprison, Sanctuary, Donate Gold, Renounce Religion


You were on level 10 of the Dungeon.
You worshipped Zin.
Zin was extremely pleased with you.
You were full.

You visited 2 branches of the dungeon, and saw 11 of its levels.

You collected 605 gold pieces.
You spent 26 gold pieces at shops.
You donated 60 gold pieces to Zin.

Inventory:

Missiles
 h - 45 poisoned darts (quivered)
Armour
 a - a +1 robe (worn)
 o - a +1 cloak (worn)
 w - a scarf of cloud immunity
Jewellery
 d - an uncursed amulet of magic regeneration
 k - an amulet of faith (around neck)
 s - an uncursed ring of poison resistance
 y - an uncursed ring of see invisible {unknown}
 A - an uncursed amulet of guardian spirit
Wands
 i - a wand of flame (28)
 t - a wand of paralysis (17)
 v - a wand of acid (3)
Scrolls
 c - 6 scrolls of teleportation
 m - 6 scrolls of identify
 x - a scroll of enchant armour
 z - 4 scrolls of remove curse
 C - 3 scrolls of enchant weapon
Potions
 e - a potion of degeneration {unknown}
 f - 4 potions of lignification {unknown}
 g - a potion of brilliance {unknown}
 j - 2 potions of agility
 l - 2 potions of flight {unknown}
 n - 2 potions of resistance
 p - 4 potions of curing {unknown}
 q - a potion of heal wounds {unknown}
 r - 2 potions of magic {unknown}
 u - a potion of mutation {unknown}
 B - a potion of berserk rage {unknown}
 D - a potion of haste
Comestibles
 b - 17 rations


   Skills:
 + Level 7.7 Fighting
 - Level 5.0 Dodging
 - Level 1.0 Stealth
 + Level 10.0 Unarmed Combat
 * Level 5.7 Invocations
 - Level 5.1 Evocations


You had 9 spell levels left.
You didn't know any spells.
Your spell library contained the following spells:

 Spells                   Type           Power        Failure   Level  Hunger
 Beastly Appendage        Tmut           #.....       45%         1    ##.....
 Corona                   Hex            #......      45%         1    ##.....
 Shock                    Conj/Air       #...         45%         1    ##.....
 Ensorcelled Hibernation  Hex/Ice        #.....       58%         2    ###....
 Sticks to Snakes         Tmut           #.......     58%         2    ###....
 Swiftness                Chrm/Air       #.......     58%         2    ###....
 Confusing Touch          Hex            #.......     83%         3    ####...
 Dazzling Flash           Conj/Hex       #.....       83%         3    ####...
 Spider Form              Tmut/Pois      #.........   83%         3    ####...
 Static Discharge         Conj/Air       #.......     83%         3    ####...
 Tukima's Dance           Hex            #.......     83%         3    ####...
 Airstrike                Air            #.........   99%         4    #####..
 Ice Form                 Ice/Tmut       #.......     99%         4    #####..
 Blade Hands              Tmut           #.........   100%        5    ######.
 Lightning Bolt           Conj/Air       #.........   100%        5    ######.


Dungeon Overview and Level Annotations

Branches:
Dungeon (10/15)            Temple (1/1) D:6            Lair (0/6) D:9
    Orc: D:9-12

Altars:
Ashenzari
Cheibriados
Dithmenos
Elyvilon
Fedhas
Gozag
Hepliaklqana
Kikubaaqudgha
Makhleb
Nemelex Xobeh
Okawaru
Qazlal
Ru
Sif Muna
Trog
Uskayaw
Vehumet
Wu Jian
Xom
Yredelemnul
Zin
The Shining One

Shops:
D:5 %   D:8 *

Annotations:
D:3 1 runed translucent door, navillus's ghost, amateur GrFi
D:10 Fannar


Innate Abilities, Weirdness & Mutations

You are too large for most types of armour.
You have claws for hands.
Your metabolism is lightning-fast.
You like to eat raw meat.
Your natural rate of healing is unusually fast.
You are covered in fur. (AC +1)
You have extremely tough skin. (AC +3)


Message History

The puff of flame hits the ice beast but does no damage.
The ice beast is severely wounded.
The ice beast barely misses you.
Evoke which item? (* to show all) (? for menu, Esc to quit)
Aiming: Throw Flame
Press: ? - help, Shift-Dir - straight line, f/p - Fannar
Aim: Fannar, wielding a staff of cold and wearing a +2 robe of cold resistance (almost dead, covered in an icy film)
The puff of flame hits the ice beast.
The ice beast melts!
The ice beast is almost dead.
Fannar mumbles some strange words.
The ice beast completely misses you.
Evoke which item? (* to show all) (? for menu, Esc to quit)
Aiming: Throw Flame
Press: ? - help, Shift-Dir - straight line, f/p - Fannar
Aim: Fannar, wielding a staff of cold and wearing a +2 robe of cold resistance (almost dead, covered in an icy film)
The puff of flame hits the ice beast!
The ice beast melts!
You kill the ice beast!
Fannar points at you and mumbles some strange words.
The bolt of cold hits you!!
You die...

# #.# #.# ## #.#
##### #.# .## #.#
#...######.#
..#########.#
#...รท))....#
..Z.......#.#
#..<########
..#.#####.#.# ##)##
.##.#####.#.# #.#
###.Y.e.....#####.#
# #######...Y.e.@.#
###########


You could see Fannar and an ice beast.

Vanquished Creatures
  2 two-headed ogres
  The ghost of swagumen the Cleaver, a novice HOGl of Fedhas (D:5)
  Grinder (D:4)
  4 hippogriffs
  The ghost of Supaplex the Magician, an amateur DsFE (D:5)
  A wyvern (D:9)
  Eustachio (D:4)
  A hungry ghost (D:9)
  2 water moccasins
  An orc warrior (D:9)
  2 ice beasts
  3 phantoms
  2 sky beasts
  2 centaurs
  3 ogres
  A big kobold (D:10)
  3 bullfrogs
  5 scorpions
  A troll zombie (D:7)
  4 wights (D:9)
  4 howler monkeys
  2 bullfrog zombies
  5 crimson imps
  A quasit (D:9)
  A bullfrog skeleton (D:10)
  3 jellies
  2 orc priests (D:4)
  7 hounds
  2 human skeletons (D:7)
  5 human zombies (D:7)
  6 orc wizards
  3 centaur skeletons
  An iguana (D:4)
  Ijyb (D:4)
  7 worker ants
  A hound zombie (D:3)
  2 hound skeletons
  3 mummies (D:7)
  A howler monkey zombie (D:3)
  A worker ant zombie (D:3)
  Robin (D:2)
  4 gnolls
  14 adders
  A howler monkey skeleton (D:3)
  4 shadow imps
  An ooze (D:6)
  2 adder skeletons
  An adder zombie (D:7)
  4 worms
  2 dart slugs
  3 leopard geckos
  34 orcs
  4 bats
  8 giant cockroaches
  14 goblins
  16 hobgoblins
  9 jackals
  2 quokkas
  3 ball pythons
  7 frilled lizards
  13 kobolds
  An orc zombie (D:7)
  A quokka zombie (D:7)
  3 rats
251 creatures vanquished.

Vanquished Creatures (others)
  6 withered plants
6 creatures vanquished.

Grand Total: 257 creatures vanquished

Notes
Turn   | Place    | Note
-------+----------+-------------------------------------------
     0 | D:1      | Roikka the Troll Monk began the quest for the Orb.
     0 | D:1      | Reached XP level 1. HP: 22/22 MP: 0/0
   169 | D:1      | Reached XP level 2. HP: 29/29 MP: 1/1
   769 | D:1      | Reached XP level 3. HP: 23/36 MP: 2/2
   813 | D:1      | Reached skill level 4 in Unarmed Combat
   856 | D:2      | Reached XP level 4. HP: 33/44 MP: 3/3
   893 | D:2      | Noticed Robin
  1066 | D:2      | Killed Robin
  1412 | D:2      | Reached XP level 5. HP: 53/53 MP: 4/4
  2119 | D:3      | Found a runed translucent door.
  2120 | D:3      | Noticed navillus's ghost (amateur GrFi)
  2364 | D:3      | Reached skill level 5 in Unarmed Combat
  2364 | D:3      | Reached skill level 1 in Evocations
  2664 | D:4      | Reached XP level 6. HP: 59/61 MP: 5/5
  2882 | D:4      | Noticed Ijyb
  2903 | D:4      | Killed Ijyb
  2933 | D:4      | Reached XP level 7. HP: 67/68 MP: 7/7
  3039 | D:4      | Noticed Eustachio
  3057 | D:4      | Killed Eustachio
  3057 | D:4      | Reached skill level 6 in Unarmed Combat
  3149 | D:4      | Noticed Grinder
  3164 | D:4      | Killed Grinder
  3337 | D:5      | Entered Level 5 of the Dungeon
  3386 | D:5      | Reached XP level 8. HP: 69/79 MP: 8/8
  3445 | D:5      | Found a runed translucent gate.
  3451 | D:5      | Found a runed translucent gate.
  3451 | D:5      | Found a runed translucent gate.
  3451 | D:5      | Noticed swagumen's ghost (novice HOGl)
  3452 | D:5      | Noticed Supaplex's ghost (amateur DsFE)
  3518 | D:5      | Reached skill level 7 in Unarmed Combat
  3640 | D:5      | Reached skill level 5 in Fighting
  4005 | D:5      | Found Bodeagefo's Food Boutique.
  4545 | D:5      | Killed swagumen's ghost
  4545 | D:5      | Reached XP level 9. HP: 49/88 MP: 10/10
  4551 | D:5      | Killed Supaplex's ghost
  4643 | D:6      | Reached skill level 8 in Unarmed Combat
  4748 | D:6      | Reached skill level 5 in Dodging
  5097 | D:6      | Found a blossoming altar of Fedhas.
  5146 | D:6      | Found a staircase to the Ecumenical Temple.
  5157 | Temple   | Entered the Ecumenical Temple
  5282 | Temple   | Became a worshipper of Zin the Law-Giver
  5282 | Temple   | Reached * piety under Zin
  5282 | Temple   | Reached ** piety under Zin
  5282 | Temple   | Reached *** piety under Zin
  5410 | D:7      | Reached **** piety under Zin
  5762 | D:7      | Reached skill level 5 in Evocations
  5792 | D:7      | Reached skill level 9 in Unarmed Combat
  5797 | D:7      | Found an ancient bone altar of Kikubaaqudgha.
  5803 | D:7      | Reached ***** piety under Zin
  5948 | D:7      | Found a shadowy altar of Dithmenos.
  5952 | D:7      | Found an ancient bone altar of Kikubaaqudgha.
  5954 | D:7      | Found a shimmering blue altar of Sif Muna.
  6133 | D:7      | Found a hazy altar of Hepliaklqana.
  6135 | D:7      | Found an ornate altar of the Wu Jian Council.
  6370 | D:8      | Reached skill level 1 in Invocations
  6388 | D:8      | Reached XP level 10. HP: 90/100 MP: 12/12
  6618 | D:8      | Found a burning altar of Makhleb.
  6618 | D:8      | Found an opulent altar of Gozag.
  6654 | D:8      | Found Bosikufic's Assorted Antiques.
  6663 | D:8      | Bought a scroll labeled PEKKIFIECI for 26 gold pieces
  6918 | D:9      | Found a staircase to the Lair.
  6993 | D:9      | Noticed a two-headed ogre
  7007 | D:9      | Killed a two-headed ogre
  7638 | D:10     | Entered Level 10 of the Dungeon
  7816 | D:10     | Reached skill level 5 in Invocations
  7829 | D:10     | Noticed Fannar
  7835 | D:10     | Noticed a two-headed ogre
  7852 | D:10     | Killed a two-headed ogre
  7852 | D:10     | Reached skill level 10 in Unarmed Combat
  7991 | D:10     | Killed from afar by Fannar

Levels and vault maps discovered:
D:1:      tarquinn_simple_flora_water_d, layout_loops_ring,
          minmay_misc_feat_enclosed
D:2:      layout_basic, minmay_tree_intersection, uniq_robin
D:3:      layout_loops_ring, gammafunk_ghost_grave, serial_undead,
          serial_undead_d, serial_undead_e, serial_undead_a, serial_undead_a
D:4:      layout_loops_ring, uniq_grinder, uniq_eustachio, uniq_ijyb
D:5:      layout_layer_cave, gammafunk_ghost_cemetery, first_ration,
          serial_shops, nicolae_shop_waterfront
D:6:      layout_basic, temple_hall, fedhas_altar_fruit_tree
D:7:      layout_loops_ring, nicolae_overflow_hidden_temple,
          lemuel_mausoleum_altar_kikubaaqudgha
D:8:      layout_cave_pools, gammafunk_temple_overflow_wave, serial_shops,
          nicolae_shop_waterfront
D:9:      layout_gridville, dpeg_oklobed_lair
D:10:     layout_loops_ring, serial_shops, shop, grunt_pizzeria, uniq_erolcha,
          uniq_gastronok, uniq_fannar
Temple:   regret_index_temple_waves

Skill      XL: |  1  2  3  4  5  6  7  8  9 10 |
---------------+-------------------------------+-----
Unarmed Combat | 4 5 6 7 9 10 | 10.0
Fighting       | 3 4 5 6 7 |  7.7
Dodging        | 3 4 5 |  5.0
Evocations     | 1 2 3 5 |  5.1
Invocations    | 1 5 |  5.7
Stealth        | |  1.0

Action                   |  1- 3 |  4- 6 |  7- 9 | 10-12 || total
-------------------------+-------+-------+-------+-------++-------
Melee: Unarmed           |    52 |   228 |   335 |   165 ||   780
       Punch             |       |     5 |    12 |     6 ||    23
Throw: Dart              |       |    16 |    29 |     4 ||    49
Invok: Recite            |       |       |     1 |     8 ||     9
       Donate Gold       |       |       |     1 |       ||     1
Evoke: Wand              |       |       |       |     5 ||     5
  Use: Scroll            |     1 |     5 |     7 |     1 ||    14
 Stab: Sleeping          |     1 |     2 |     4 |       ||     7
       Confused          |       |       |       |     1 ||     1
  Eat: Chunk             |    13 |    19 |    26 |    13 ||    71
       Ration            |       |       |       |     2 ||     2
Armor: Robe              |    14 |    82 |    77 |    43 ||   216
Dodge: Dodged            |    33 |   142 |   141 |    98 ||   414

Table legend:
 A = Non-vault XP
 B = Vault XP
 C = Vault XP percentage of total XP
 D = Non-vault monster count
 E = Vault monster count
 F = Vault count percentage of total count
                 A         B        C        D         E       F
            +---------+---------+-------+---------+---------+-------
      Total |    8502 |    1746 |  17.0 |     218 |      33 |  13.1
            +---------+---------+-------+---------+---------+-------
        D:1 |      83 |      14 |  14.4 |      20 |       7 |  25.9
        D:2 |     116 |      20 |  14.7 |      29 |       4 |  12.1
        D:3 |      54 |      72 |  57.1 |      20 |       5 |  20.0
        D:4 |     507 |     519 |  50.6 |      33 |       3 |   8.3
        D:5 |    1050 |     715 |  40.5 |      24 |       2 |   7.7
        D:6 |     805 |       0 |   0.0 |      21 |       0 |   0.0
        D:7 |     931 |     406 |  30.4 |      22 |      12 |  35.3
        D:8 |     708 |       0 |   0.0 |      11 |       0 |   0.0
        D:9 |    2529 |       0 |   0.0 |      21 |       0 |   0.0
       D:10 |    1719 |       0 |   0.0 |      17 |       0 |   0.0
            +---------+---------+-------+---------+---------+-------
